 Seeded DCSS version 0.27-a0-1219-g958d993ae5 (webtiles) character file.

Game seed: 49 (custom seed)

30 Snicker the Sneak (level 3, 27/27 HPs)
             Began as a Demonspawn Brigand on June 7, 2021.
             Quit the game on level 2 of the Dungeon.
             The game lasted 00:03:29 (1368 turns).

Snicker the Sneak (Demonspawn Brigand)              Turns: 1368, Time: 00:03:30

Health: 27/27      AC:  6    Str: 11    XL:     3   Next: 3%
Magic:  3/3        EV: 10    Int: 12    God:
Gold:   34         SH:  4    Dex: 15    Spells: 2/2 levels left

rFire    . . .     SeeInvis .   a - +2 dagger
rCold    . . .     Faith    .   (no shield)
rNeg     . . .     Spirit   .   l - +0 ring mail
rPois    .         Reflect  .   (no helmet)
rElec    .         Harm     .   c - +0 cloak
rCorr    .         Rampage  .   (no gloves)
Will     .....                  (no boots)
Stlth    +.........             (no amulet)
HPRegen  0.09/turn              (no ring)
MPRegen  0.08/turn              (no ring)

@: very slow
A: hooves 1, large bone plates 1
a: no special abilities


You were on level 2 of the Dungeon.
You visited 1 branch of the dungeon, and saw 2 of its levels.

You collected 34 gold pieces.

Inventory:

Hand Weapons
 a - a +2 dagger (weapon)
Missiles
 d - 8 poisoned darts
 e - 2 curare-tipped darts (quivered)
Armour
 b - a +0 robe
 c - a +0 cloak (worn)
 l - a +0 ring mail (worn)
Scrolls
 f - a scroll of acquirement
 h - 2 scrolls of enchant armour {unknown}
 i - 2 scrolls of identify {unknown}
 k - a scroll of teleportation {unknown}
Potions
 g - a potion of curing {unknown}
 j - a potion of brilliance {unknown}


   Skills:
 + Level 2.0 Fighting
 * Level 2.1 Short Blades
 + Level 1.7 Throwing
 + Level 1.2 Dodging
 * Level 4.3 Stealth


You had 2 spell levels left.
You didn't know any spells.
Your spell library was empty.

Dungeon Overview and Level Annotations

Branches:
Dungeon (2/15)

Altars:


Innate Abilities, Weirdness & Mutations

You have large cloven feet.
You are partially covered in large bone plates. (SH +4)


Message History

The bat is severely wounded.
The bat hits you.
You hit the bat.
You kill the bat!
This is a scroll of acquirement!
Unknown command.
Unknown command.
Unknown command.
There is a stone staircase leading up here.
Unknown command.
Unknown command.
HP restored.
There is a stone staircase leading up here.
A bat comes into view.
A bat is nearby!
A bat is nearby!
A bat is nearby!
The helpless bat fails to defend itself.
You impale the bat!!
You kill the bat!
You now have 34 gold pieces (gained 5).
You open the door.
There is an open door here.
You enter the shallow water.
Moving in this stuff is going to be slow.
Found a whip.
An endoplasm comes into view.
An endoplasm is nearby!
(D) Dungeon
Where to? (Enter - D:2, ? - help)
An endoplasm is nearby!
An endoplasm is nearby!
Unknown command.
Unknown command.
Are you sure you want to abandon this character and quit the game? (Confirm with "yes".)
Okay, then.
You enter the shallow water.
Moving in this stuff is going to be slow.
The endoplasm quivers.
Are you sure you want to abandon this character and quit the game? (Confirm with "yes".)

#..........>.# PP
.#............#
PP.##.............#
PP#..#....†......#
###........†<.....#
........####......#
..J.....##.+......#
......≈≈≈.##......#
.....≈≈@.≈.'......#
.....♣P≈..##......#
........####......#
........# #......#
........# #......#
........# #......#
..#..#### ########
####) .


You could see an endoplasm.

Vanquished Creatures
  An adder (D:2)
  2 ball pythons
  4 bats
  An endoplasm (D:2)
  A giant cockroach (D:1)
  2 goblins (D:1)
  A hobgoblin (D:1)
  3 kobolds (D:1)
  2 quokkas (D:1)
  2 rats (D:1)
19 creatures vanquished.

Notes
Turn   | Place    | Note
-------+----------+-------------------------------------------
     0 | D:1      | Snicker the Demonspawn Brigand began the quest for the Orb.
     0 | D:1      | Reached XP level 1. HP: 16/16 MP: 1/1
   136 | D:1      | Reached skill level 1 in Dodging
   330 | D:1      | Reached skill level 4 in Stealth
   330 | D:1      | Gained mutation: You are partially covered in large bone
                  | plates. (SH +4) [demonic ancestry]
   330 | D:1      | Reached XP level 2. HP: 22/22 MP: 2/2
  1173 | D:2      | Gained mutation: You have large cloven feet. [demonic
                  | ancestry]
  1173 | D:2      | Reached XP level 3. HP: 13/27 MP: 3/3
  1182 | D:2      | Identified a scroll of acquirement
  1368 | D:2      | Quit the game

Illustrated notes

Levels and vault maps discovered:
D:1:      sevenhm_arrival_forest_fort_small_4, layout_loops_ring
D:2:      layout_basic, shapermc_ecumenical_altar_gd, serial_bayou_pond_e,
          uniq_terence

Skill      XL: |  1  2 |
---------------+-------+-----
Dodging        | 1 |  1.2
Stealth        | 4 |  4.3
Short Blades   | 2 |  2.1
Fighting       | |  2.0
Throwing       | |  1.7

Action                   || total
-------------------------++-------
Melee: Dagger            ||    56
Throw: Dart              ||     1
 Stab: Sleeping          ||     6
Armor: Robe              ||    14
       Ring mail         ||     7
Dodge: Dodged            ||    29
Block: Other             ||    10

Table legend: (Time is in decaauts)
 A = Elapsed time spent in this place.
 B = Non-inter-level travel time spent in this place.
 C = Inter-level travel time spent in this place.
 D = Time resting spent in this place.
 E = Time spent auto-exploring this place.
 F = Levels seen in this place.
 G = Mean time per level.
                   A        B        C        D        E       F      G
               +--------+--------+--------+--------+--------+-----+--------+
         Total |   1373 |   1284 |     89 |      0 |   1096 |   2 |  686.5 |
       Dungeon |   1373 |   1284 |     89 |      0 |   1096 |   2 |  686.5 |
               +--------+--------+--------+--------+--------+-----+--------+

Top non-repeatable levels by time:
     D:1: 1166 daAuts
     D:2: 207 daAuts
